 Dungeon Crawl Stone Soup version 0.21.1-1-g345015fe64 (webtiles) character file.

557 joobod the Chopper (level 7, -7/62 HPs)
             Began as a Minotaur Fighter on July 14, 2018.
             Was a Believer of Nemelex Xobeh.
             Mangled by a mummy (11 damage)
             ... in an ossuary.
             The game lasted 00:20:40 (1949 turns).

joobod the Chopper (Minotaur Fighter)               Turns: 1949, Time: 00:20:41

Health: -7/62      AC:  7    Str: 25    XL:     7   Next: 9%
Magic:  6/6        EV:  8    Int: 10    God:    Nemelex Xobeh [**....]
Gold:   130        SH: 10    Dex: 10    Spells: 6/6 levels left

rFire    . . .     SeeInvis .   a - +0 war axe
rCold    . . .     Gourm    .   c - +0 shield
rNeg     . . .     Faith    .   b - +0 scale mail
rPois    .         Spirit   .   (helmet restricted)
rElec    .         Reflect  .   (no cloak)
rCorr    .         Harm     .   (no gloves)
MR       .....                  (no boots)
Stlth    ..........             (no amulet)
HPRegen  0.20/turn              e - +3 ring of strength
MPRegen  0.10/turn              k - +5 ring of intelligence

@: no status effects
A: retaliatory headbutt, horns 2
a: Renounce Religion


You were in an ossuary.
You worshipped Nemelex Xobeh.
Nemelex Xobeh was pleased with you.
You were not hungry.

You visited 1 branch of the dungeon, and saw 4 of its levels.
You also visited: Ossuary.

You collected 130 gold pieces.

Inventory:

Hand Weapons
 a - a +0 war axe (weapon)
 i - a +0 club
Armour
 b - a +0 scale mail (worn)
 c - a +0 shield (worn)
 g - a +0 robe
 v - a +0 chain mail
Jewellery
 e - a +3 ring of strength (left hand)
 k - a +5 ring of intelligence (right hand)
 o - an uncursed ring of see invisible {unknown}
 w - a +3 ring of intelligence
Scrolls
 h - 3 scrolls of remove curse {unknown}
 l - a scroll of fog {unknown}
 n - 3 scrolls of identify {unknown}
 p - 2 scrolls of teleportation {unknown}
 y - 2 scrolls of blinking {unknown}
Potions
 d - 2 potions of might
 j - a potion of lignification {unknown}
 m - a potion of agility
 r - 2 potions of flight {unknown}
 s - 2 potions of mutation {unknown}
 x - a potion of resistance {unknown}
 z - 4 potions of heal wounds {unknown}
 A - a potion of magic {unknown}
 B - a potion of degeneration {unknown}
Miscellaneous
 t - a plain deck of destruction
 u - a plain deck of escape
Comestibles
 f - 6 rations


   Skills:
 * Level 5.9 Fighting
 + Level 6.3 Axes
 + Level 4.9 Armour
 - Level 0.1 Dodging
 + Level 5.2 Shields


You had 6 spell levels left.
You didn't know any spells.

Dungeon Overview and Level Annotations

Branches:
Dungeon (4/15)
 Temple: D:4-7

Altars:
Nemelex Xobeh
Uskayaw
Wu Jian


Innate Abilities, Weirdness & Mutations

You reflexively headbutt those who attack you in melee.
You have a pair of horns on your head.


Message History

The mummy barely misses you.
You hit the mummy but do no damage.
The mummy is heavily damaged.
The mummy hits you!
* * * LOW HITPOINT WARNING * * *
There is an open door, spattered with blood here.
You feel better. You block the mummy's attack.
You slash the mummy!
The mummy is moderately damaged.
Your scale mail prevents you from hitting the mummy.
The mummy hits you.
* * * LOW HITPOINT WARNING * * *
You block the mummy's attack.
You barely miss the mummy. Your headbutt misses the mummy.
The mummy is moderately damaged.
You hit the mummy. The mummy hits you.
* * * LOW HITPOINT WARNING * * *
The mummy hits you!
You die...
Your body glows slightly and disappears.

############ ########
#...#...#??!!#...#..∩
#...@M∩.+![$!#.∩.'...
#..M#...#!!!?#...#...
#...######## #####^..
#...# #^^. ##'## #'##
#.^^# #... #^.^# #^.^
#..^# #^^^ #^..# #...


You could see 2 mummies.

Vanquished Creatures
  The ghost of Htamos the Ogre Mage, an amateur OgWz (D:3)
  4 water moccasin zombies (Ossuary)
  2 orc wizards (D:4)
  A bullfrog skeleton (D:4)
  A big kobold zombie (Ossuary)
  An ooze (D:1)
  5 adder zombies (Ossuary)
  A worm (D:3)
  A leopard gecko (D:3)
  8 orcs
  6 giant cockroaches
  4 goblins
  6 hobgoblins
  A quokka (D:3)
  A ball python (D:4)
  5 bats
  3 frilled lizards
  3 gnoll zombies (Ossuary)
  2 goblin zombies (D:4)
  3 hobgoblin zombies (Ossuary)
  8 kobolds
  2 kobold zombies (Ossuary)
  6 orc zombies (Ossuary)
  8 rats
83 creatures vanquished.

Notes
Turn   | Place    | Note
-------+----------+-------------------------------------------
     0 | D:1      | joobod the Minotaur Fighter began the quest for the Orb.
     0 | D:1      | Reached XP level 1. HP: 19/19 MP: 0/0
   257 | D:1      | Reached XP level 2. HP: 22/27 MP: 1/1
   565 | D:2      | Found a faded altar of an unknown god.
   605 | D:2      | Became a worshipper of Nemelex Xobeh the Trickster
   605 | D:2      | Received a gift from Nemelex Xobeh
   605 | D:2      | Reached * piety under Nemelex Xobeh
   605 | D:2      | Received a gift from Nemelex Xobeh
   697 | D:2      | Reached skill level 3 in Axes
   705 | D:2      | Found an ornate altar of the Wu Jian Council.
   748 | D:2      | Reached XP level 3. HP: 33/33 MP: 2/2
  1036 | D:3      | Noticed Htamos's ghost (amateur OgWz)
  1044 | D:3      | Killed Htamos's ghost
  1044 | D:3      | Reached skill level 4 in Axes
  1044 | D:3      | Reached XP level 4. HP: 26/41 MP: 3/3
  1044 | D:3      | Reached XP level 5. HP: 29/47 MP: 4/4
  1059 | D:3      | Reached skill level 5 in Fighting
  1325 | D:3      | Found a hide-covered altar of Uskayaw.
  1652 | D:4      | Reached skill level 5 in Axes
  1658 | D:4      | Reached XP level 6. HP: 39/56 MP: 5/5
  1665 | D:4      | Reached ** piety under Nemelex Xobeh
  1755 | D:4      | Found a sand-covered staircase.
  1774 | Ossuary  | Entered an ossuary
  1837 | Ossuary  | Reached skill level 5 in Shields
  1887 | Ossuary  | Reached skill level 6 in Axes
  1926 | Ossuary  | Reached XP level 7. HP: 24/62 MP: 6/6
  1946 | Ossuary  | HP: 2/62 [mummy (11)]
  1949 | Ossuary  | Mangled by a mummy

Skill      XL: |  1  2  3  4  5  6 |
---------------+-------------------+-----
Fighting       | 4 5 |  5.9
Axes           | 3 4 5 6 |  6.3
Armour         | 4 |  4.9
Shields        | 4 5 |  5.2
Dodging        | |  0.1

Action                   |  1- 3 |  4- 6 |  7- 9 || total
-------------------------+-------+-------+-------++-------
Melee: War axe           |    75 |   136 |    14 ||   225
       Headbutt          |     8 |    24 |     1 ||    33
  Use: Potion            |       |     2 |     1 ||     3
  Eat: Chunk             |       |     2 |       ||     2
       Ration            |       |     1 |       ||     1
Armor: Scale mail        |    34 |    63 |     1 ||    98
Dodge: Dodged            |    25 |    32 |     5 ||    62
Block: Shield            |    58 |    64 |     4 ||   126
